 Dungeon Crawl Stone Soup version 0.31-a0-175-g9f7f995f2b (webtiles) character file.

Game seed: 3821377370487951979

100964 Pooter the Severer (level 15, -1/141 HPs)
             Began as a Minotaur Berserker on June 16, 2023.
             Was an Elder of Trog.
             Killed from afar by a hellion (21 damage)
             ... with damnation
             ... summoned by a deep elf demonologist
             ... on level 1 of the Elven Halls on June 17, 2023.
             The game lasted 02:07:43 (28679 turns).

Pooter the Severer (Minotaur Berserker)            Turns: 28679, Time: 02:07:44

Health: -1/141     AC: 22    Str: 33 (34) XL:     15   Next: 82%
Magic:  10/14      EV:  8    Int:  4      God:    Trog [****..]
Gold:   221        SH:  5    Dex: 10 (11) Spells: 14/14 levels left

rFire   . . .        a - +3 battleaxe (vamp)
rCold   x . .        (shield currently unavailable)
rNeg    . . .        v - +7 plate armour
rPois   .            c - +0 hat {SInv}
rElec   .            y - +0 cloak
rCorr   .            A - +2 pair of gloves
SInv    +            (no boots)
Will    +++..        T - amulet of reflection Stlth
                     i - ring "Vawuug" {Fly rC- Slay+5}
HPRegen 1.43/turn    w - +6 ring of strength
MPRegen 0.14/turn

%: reflection
@: strong-willed, flying, regenerating
A: horns 2, retaliatory headbutt, see invisible, MP-powered wands
a: Renounce Religion, Berserk, Trog's Hand, Brothers in Arms


You were on level 1 of the Elven Halls.
You worshipped Trog.
Trog was greatly pleased with you.
You visited 4 branches of the dungeon, and saw 23 of its levels.

You collected 1735 gold pieces.
You spent 1514 gold pieces at shops.

Inventory:

Hand Weapons
 a - a +3 vampiric battleaxe (weapon)
   (You took it off an orc warrior on level 1 of the Orcish Mines)
 b - a +2 arbalest of freezing
   (You found it on level 5 of the Lair of Beasts)
 r - a +2 antimagic broad axe
   (You took it off an orc knight on level 2 of the Orcish Mines)
 s - a +1 long sword of flaming
   (You took it off Maggie on level 7 of the Dungeon)
 M - the +8 whip "Snakebite" {venom, curare, rPois}
   (You found it on level 1 of the Lair of Beasts)

   rPois:     It protects you from poison.
 Z - a +1 spectral battleaxe
   (You took it off an orc warrior on level 7 of the Dungeon)
Missiles
 z - 19 boomerangs (quivered)
 K - 10 javelins
 Q - 23 stones
 W - 3 atropa-tipped darts
Armour
 c - a +0 hat of see invisible (worn)
   (You found it on level 12 of the Dungeon)
 v - a +7 plate armour (worn)
   (You took it off an orc warrior on level 2 of the Orcish Mines)
 y - a +0 cloak (worn)
   (You found it on level 7 of the Dungeon)
 A - a +2 pair of gloves (worn)
   (You bought it in a shop on level 2 of the Orcish Mines)
Jewellery
 i - the ring "Vawuug" (left hand) {Fly rC- Slay+5}
   (You acquired it on level 14 of the Dungeon)

   [ring of flight]

   Slay:      It affects your accuracy & damage with ranged weapons and melee
   (+5).
   rC:        It makes you vulnerable to cold.
   Fly:       It grants you flight.
 k - an amulet of regeneration
   (You found it on level 1 of the Dungeon)
 n - a ring of willpower
   (You bought it in a shop on level 2 of the Orcish Mines)
 w - a +6 ring of strength (right hand)
   (You found it on level 3 of the Lair of Beasts)
 C - a ring of resist corrosion
   (You found it on level 12 of the Dungeon)
 J - a +6 ring of intelligence
   (You found it on level 9 of the Dungeon)
 N - a ring of positive energy
   (You found it on level 5 of the Lair of Beasts)
 P - a ring of poison resistance
   (You bought it in a shop on level 2 of the Orcish Mines)
 R - a ring of fire
   (You found it on level 2 of the Lair of Beasts)
 T - an amulet of reflection (around neck)
   (You found it on level 3 of the Lair of Beasts)
 U - a +5 ring of evasion
   (You found it on level 11 of the Dungeon)
 X - a +5 ring of evasion
   (You found it on level 1 of the Lair of Beasts)
Wands
 f - a wand of flame (11)
   (You found it on level 13 of the Dungeon)
 o - a wand of roots (10)
   (You found it on level 2 of the Dungeon)
 q - a wand of charming (14)
   (You took it off Ijyb on level 4 of the Dungeon)
 x - a wand of acid (13)
   (You found it on level 8 of the Dungeon)
 D - a wand of digging (8)
   (You found it on level 5 of the Dungeon)
 F - a wand of polymorph (9)
   (You found it on level 6 of the Dungeon)
 G - a wand of mindburst (29)
   (You found it on level 8 of the Dungeon)
Scrolls
 e - a scroll of noise {!r}
 g - 2 scrolls of poison {!r}
 h - 6 scrolls of fear
 j - 4 scrolls of revelation
 l - 5 scrolls of blinking
 t - 4 scrolls of teleportation {@r4}
 B - a scroll of fog
Potions
 d - a potion of lignification {!q}
 m - 7 potions of curing {@q1}
 p - 3 potions of cancellation
 u - 4 potions of heal wounds {@q2}
 E - a potion of resistance {unknown}
 I - 2 potions of might
 O - 2 potions of haste {@q3}
 S - 2 potions of attraction {!q}


   Skills:
 + Level 15.3 Fighting
 - Level 20.0 Axes
 - Level 18.0 Ranged Weapons
 - Level 2.4 Armour
 - Level 2.1 Dodging
 + Level 10.2 Evocations


You had 14 spell levels left.
You didn't know any spells.
Your spell library was empty.

Dungeon Overview and Level Annotations

Branches:
Dungeon (15/15)            Temple (0/1) D:7            Lair (5/5) D:8
  Swamp (0/4) Lair:2        Snake (0/4) Lair:2        Slime (0/5) Lair:4
    Orc (2/2) D:11            Elf (1/3) Orc:2        Vaults (0/5) D:13
 Depths (0/4) D:15

Altars:
Fedhas
Hepliaklqana
Makhleb
Okawaru
Qazlal
Sif Muna
Trog
Zin
The Shining One
Jiyva

Shops:
D:5 :   D:8 *   D:15 ?:(!   Orc:2 *(=[

Portals:
Trove: D:10 (give 2 scrolls of acquirement)


Innate Abilities, Weirdness & Mutations

You have a pair of horns on your head.
You reflexively headbutt those who attack you in melee.
You have supernaturally acute eyesight. (SInv)
You expend magic power (3 MP) to strengthen your wands.


Message History

The fire elemental disappears in a puff of smoke!
You slash the fire elemental! You block the fire elemental's attack.
You slice the water elemental!! You slash the fire elemental!
The water elemental hits you.
The water elemental engulfs you in water!
The fire elemental hits you. The fire elemental burns you!
* * * LOW HITPOINT WARNING * * *
You slash the water elemental! You slice the fire elemental!!
You destroy the fire elemental!
The fire elemental disappears in a puff of smoke!
You hear the faint whistling of a very distant wind.
* * * LOW HITPOINT WARNING * * *
Your lungs strain for air!
The water elemental hits you!
* * * LOW HITPOINT WARNING * * *
You slice the water elemental!!
You destroy the water elemental!
Trog accepts your kill. The water engulfing you falls away.
You gasp with relief as air once again reaches your lungs.
The deep elf pyromancer casts a spell at you.
The sticky flame hits you.
You are covered in liquid flames!
* * * LOW HITPOINT WARNING * * *
A deep elf demonologist comes into view.
It is wielding a +0 dagger.
You are covered in liquid flames!
* * * LOW HITPOINT WARNING * * *
The deep elf demonologist shouts!
The deep elf pyromancer hits you with a +0 long sword.
* * * LOW HITPOINT WARNING * * *
The deep elf demonologist mumbles some strange words.
You slash the deep elf pyromancer!
You feel better.
You kill the deep elf pyromancer!
Trog accepts your kill.
Trog appreciates your killing of a magic user.
You are covered in liquid flames!
* * * LOW HITPOINT WARNING * * *
The deep elf demonologist casts a spell.
You hear a shout!
Your skin crawls.
You feel strong-willed.
You are covered in liquid flames!
* * * LOW HITPOINT WARNING * * *
The hellion gestures at you.
The sphere of damnation explodes!
The damnation engulfs you!!
* * * LOW HITPOINT WARNING * * *
You hear a shout! x2
The hellion gestures at you.
The sphere of damnation explodes!
The damnation engulfs you!!
You die...

#############
##...........###
.......).......##
....8.....8.....#
......)<).......#
......8)8.......#
.......)........#
8.............8.#
........@...)...#
....8.....8....##
##!........).###
##.###.###.#####
#. #.# #...).# #
......)..2#..#
#######.(......#
#.#.#.#.##
#.#.#.# #


You could see a hellion (summoned).

Vanquished Creatures
  Jorgrun (Orc:2)
  3 orc warlords
  A dire elephant (Lair:5)
  The ghost of jasper the Geomancer, a journeyman SpEE of Sif Muna (Orc:2)
  The ghost of Maxmaps the Fighter, a journeyman DsCj of Gozag (D:12)
  A merfolk impaler (D:12)
  Josephine (Lair:3)
  3 hydras
  A rakshasa (D:14)
  2 catoblepae
  7 two-headed ogres
  A boulder beetle (D:14)
  6 centaur warriors
  The ghost of lunkers the Martial Artist, a novice MeWn of Okawaru (D:9)
  5 tengu warriors
  An orc high priest (Orc:2)
  9 death yaks
  Urug (D:13)
  A skyshark (Lair:3)
  Nergalle (Lair:3)
  5 skeletal warriors (D:15)
  2 deep trolls (D:15)
  A deep elf archer (D:12)
  3 lindwurms (Lair:5)
  A wizard (D:15)
  9 orc knights
  4 deep elf zephyrmancers (Elf:1)
  6 deep elf pyromancers
  A wolf spider (Lair:2)
  2 orc sorcerers
  5 cyclopes
  3 manticores
  An ugly thing (D:12)
  23 elephants
  2 moths of wrath (Orc:2)
  5 black mambas
  3 torpor snails
  An unseen horror (D:12)
  An unseen horror (shapeshifter) (D:13)
  Maggie (D:7)
  3 rime drakes
  9 cane toads
  8 komodo dragons
  3 efreet
  3 yaktaurs (D:15)
  2 polar bears
  7 trolls
  A wolf spider simulacrum (D:14)
  5 blink frogs
  7 dream sheep (Lair:5)
  17 slime creatures
  A jumping spider (shapeshifter) (D:15)
  2 wyverns (Lair:5)
  2 shadows
  5 wraiths
  A water elemental (Elf:1)
  68 yaks
  6 basilisks
  Eustachio (D:6)
  3 neqoxecs (D:9)
  A steam dragon (Lair:2)
  5 vampire mosquitoes
  8 wargs
  3 acid dragons
  28 water moccasins
  27 orc warriors
  3 ice beasts
  A black bear (D:8)
  2 sky beasts
  9 ogres
  15 wolves
  7 centaurs
  A phantom (D:7)
  16 bullfrogs
  A kobold brigand (D:7)
  2 gnoll sergeants
  A scorpion (D:5)
  An earth elemental (Elf:1)
  3 wights (D:7)
  13 killer bees
  2 electric eels
  2 howler monkeys
  4 quasits (D:9)
  A hound (D:5)
  2 jellies (D:4)
  14 orc priests
  A gnoll bouda (D:6)
  4 iguanas
  23 orc wizards
  Ijyb (D:4)
  A sleepcap (D:6)
  12 gnolls
  8 adders
  2 shadow imps
  An ufetubus (D:7)
  2 dart slugs
  68 orcs
  3 endoplasms (D:3)
  A giant cockroach (D:1)
  2 goblins
  A hobgoblin (D:4)
  9 kobolds
  2 quokkas
  5 ball pythons
  4 bats
  A frilled lizard (D:3)
  4 rats
  A butterfly (Lair:1)
609 creatures vanquished.

Vanquished Creatures (collateral kills)
  A wizard (D:15)
  A yaktaur (D:15)
  A dream sheep (shapeshifter) (D:15)
  A killer bee (D:8)
  2 orc priests (Orc:1)
  3 orcs (Orc:1)
9 creatures vanquished.

Vanquished Creatures (others)
  A wizard (D:13)
  A deep elf pyromancer (Elf:1)
  A yaktaur (D:15)
  A killer bee (D:8)
  An orc wizard (D:8)
  A kobold (D:7)
  A spectral weapon (Lair:1)
7 creatures vanquished.

Grand Total: 625 creatures vanquished

Notes
Turn   | Place    | Note
-------+----------+-------------------------------------------
     0 | D:1      | Pooter the Minotaur Berserker began the quest for the Orb.
     0 | D:1      | Reached XP level 1. HP: 19/19 MP: 0/0
   258 | D:1      | Reached skill level 4 in Axes
   356 | D:1      | Reached XP level 2. HP: 27/27 MP: 1/1
  1209 | D:2      | Reached skill level 1 in Ranged Weapons
  1342 | D:3      | Found a glowing golden altar of the Shining One.
  1600 | D:3      | Reached XP level 3. HP: 33/33 MP: 2/2
  1783 | D:3      | Reached ** piety under Trog
  1784 | D:3      | Reached XP level 4. HP: 40/40 MP: 3/3
  2287 | D:3      | Upgraded the game from 0.31-a0-174-g85c54bcb58 to
                  | 0.31-a0-175-g9f7f995f2b
  2301 | D:3      | Reached skill level 5 in Axes
  2528 | D:4      | Reached XP level 5. HP: 41/47 MP: 4/4
  2569 | D:4      | Noticed Ijyb
  2587 | D:4      | Killed Ijyb
  2827 | D:4      | Found a burning altar of Makhleb.
  2835 | D:4      | Found a blossoming altar of Fedhas.
  2836 | D:4      | Found a hazy altar of Hepliaklqana.
  2836 | D:4      | Noticed an ogre
  2841 | D:4      | Killed an ogre
  2842 | D:4      | Reached skill level 5 in Fighting
  2842 | D:4      | Reached skill level 6 in Axes
  2842 | D:4      | Reached XP level 6. HP: 53/56 MP: 5/5
  2888 | D:4      | Found a stormy altar of Qazlal.
  3260 | D:5      | Entered Level 5 of the Dungeon
  3260 | D:5      | Found an iron altar of Okawaru.
  3799 | D:5      | Identified the staff of conjuration "Conui" {rElec}
  3863 | D:5      | Found Daejyifu's Tremendous Tomes.
  4046 | D:6      | Noticed a water moccasin
  4088 | D:6      | Noticed an ice beast
  4092 | D:6      | Killed an ice beast
  4093 | D:6      | Reached XP level 7. HP: 61/61 MP: 6/6
  4200 | D:6      | Reached skill level 7 in Axes
  4200 | D:6      | Reached skill level 5 in Ranged Weapons
  4249 | D:6      | Found a shimmering blue altar of Sif Muna.
  4470 | D:6      | Reached skill level 8 in Axes
  4470 | D:6      | Reached XP level 8. HP: 70/70 MP: 7/7
  4832 | D:6      | Noticed Eustachio
  4844 | D:6      | Killed Eustachio
  5075 | D:7      | Found a staircase to the Ecumenical Temple.
  5097 | D:7      | Reached skill level 9 in Axes
  5343 | D:7      | Reached XP level 9. HP: 79/79 MP: 8/8
  5442 | D:7      | Noticed Maggie
  5460 | D:7      | Killed Maggie
  5461 | D:7      | Reached skill level 10 in Axes
  6763 | D:8      | Found a glowing silver altar of Zin.
  6778 | D:8      | Found Zin's Purification Station.
  6995 | D:8      | Identified the +4 flail of Exquisite Death {pain, Will+
                  | Stlth+}
  7014 | D:8      | Reached skill level 11 in Axes
  7071 | D:8      | Reached skill level 1 in Evocations
  7082 | D:8      | Found a bloodstained altar of Trog.
  7293 | D:8      | Found a staircase to the Lair.
  7475 | D:9      | HP: 6/123 [poisoned by a killer bee]
  7663 | D:9      | Found a transporter.
  7666 | D:9      | Noticed lunkers's ghost (novice MeWn)
  7683 | D:9      | Found a transporter.
  7744 | D:9      | Reached XP level 10. HP: 90/90 MP: 9/9
  7820 | D:9      | Reached skill level 10 in Ranged Weapons
  8414 | D:10     | Entered Level 10 of the Dungeon
  8435 | D:10     | Noticed a two-headed ogre
  8444 | D:10     | Killed a two-headed ogre
  8445 | D:10     | Reached skill level 12 in Axes
  8511 | D:10     | Noticed a two-headed ogre
  8519 | D:10     | Killed a two-headed ogre
  8967 | D:10     | Found a portal to a secret trove of treasure.
  9336 | Lair:1   | Entered Level 1 of the Lair of Beasts
  9523 | Lair:1   | Reached XP level 11. HP: 97/97 MP: 10/10
  9558 | Lair:1   | Reached skill level 13 in Axes
 10061 | Lair:1   | Found the +8 whip "Snakebite" {venom, curare, rPois}
 10304 | Lair:1   | Reached skill level 10 in Fighting
 10876 | Lair:2   | Noticed a death yak
 10959 | Lair:2   | Noticed a death yak
 10959 | Lair:2   | Noticed a death yak
 11031 | Lair:2   | Reached skill level 14 in Axes
 11119 | Lair:2   | Noticed a wolf spider
 11127 | Lair:2   | Killed a wolf spider
 11724 | Lair:2   | Found a staircase to the Swamp.
 11774 | Lair:2   | Reached skill level 5 in Evocations
 11966 | Lair:2   | Noticed a death yak
 11967 | Lair:2   | Noticed a wolf spider
 11981 | Lair:2   | Noticed a death yak
 11981 | Lair:2   | Noticed a death yak
 11988 | Lair:1   | Reached XP level 12. HP: 94/108 MP: 11/11
 12048 | Lair:2   | Found a staircase to the Snake Pit.
 12344 | Lair:1   | Killed a death yak
 12353 | Lair:1   | Killed a death yak
 12910 | Lair:1   | Killed a death yak
 12929 | Lair:1   | Killed a death yak
 12930 | Lair:1   | Reached skill level 15 in Axes
 12958 | Lair:1   | Killed a death yak
 12996 | Lair:2   | Killed a death yak
 13718 | Lair:3   | Noticed Josephine
 13721 | Lair:3   | Killed Josephine
 13792 | Lair:3   | Noticed Nergalle
 13798 | Lair:3   | Killed Nergalle
 13897 | Lair:3   | Noticed Nessos
 13901 | Lair:3   | Nessos changed into Nessos the acid dragon
 13901 | Lair:3   | Noticed Nessos
 13904 | Lair:3   | Killed Nessos the acid dragon
 13989 | Lair:3   | Reached *** piety under Trog
 14116 | Lair:3   | Reached skill level 16 in Axes
 14419 | Lair:4   | Found a viscous altar of Jiyva.
 14419 | Lair:4   | Found a staircase to the Slime Pits.
 14450 | Lair:4   | Reached XP level 13. HP: 91/117 MP: 12/12
 15296 | Lair:5   | Entered Level 5 of the Lair of Beasts
 15406 | Lair:5   | Reached **** piety under Trog
 15435 | Lair:5   | Reached skill level 15 in Ranged Weapons
 15558 | Lair:5   | Reached skill level 17 in Axes
 16215 | Lair:5   | Noticed a dire elephant
 16218 | Lair:5   | Reached XP level 14. HP: 116/127 MP: 13/13
 16989 | D:11     | Reached skill level 18 in Axes
 17035 | D:11     | Found a staircase to the Orcish Mines.
 17870 | Orc:1    | Entered Level 1 of the Orcish Mines
 18466 | Orc:2    | Entered Level 2 of the Orcish Mines
 18515 | Orc:2    | Noticed an orc warlord
 18678 | Orc:1    | Killed an orc warlord
 18806 | Orc:2    | Found a staircase to the Elven Halls.
 18840 | Orc:2    | Found a transporter.
 18841 | Orc:2    | Found a bloodstained altar of Trog.
 18841 | Orc:2    | Noticed jasper's ghost (journeyman SpEE)
 18847 | Orc:2    | Found Ufijiug's Jewellery Boutique.
 18855 | Orc:2    | Bought a ring of willpower for 325 gold pieces
 18855 | Orc:2    | Bought a ring of poison resistance for 260 gold pieces
 19409 | Orc:2    | Found Jiemyte's Antique Armour Shop.
 19417 | Orc:2    | Bought a pair of runed gloves for 172 gold pieces
 19449 | Orc:2    | Noticed an orc warlord
 19463 | Orc:2    | Noticed Jorgrun
 19489 | Orc:2    | Killed Jorgrun
 19680 | Orc:2    | Noticed an orc warlord
 19823 | Orc:2    | Found a transporter.
 20318 | Orc:2    | Killed an orc warlord
 21112 | Orc:2    | Found Hupoic's General Store.
 22001 | Orc:2    | Found Koleh's Antique Weapon Emporium.
 22025 | Orc:2    | Bought a scroll of blinking for 105 gold pieces
 22025 | Orc:2    | Bought a scroll of enchant armour for 105 gold pieces
 22025 | Orc:2    | Bought a potion of heal wounds for 70 gold pieces
 22646 | D:12     | Found a runed translucent gate.
 22648 | D:12     | Found a runed translucent gate.
 22649 | D:12     | Found a runed translucent gate.
 22650 | D:12     | Noticed Maxmaps's ghost (journeyman DsCj)
 22652 | D:12     | Found an iron altar of Okawaru.
 23177 | D:13     | Found a gate to the Vaults.
 23349 | D:13     | Reached skill level 19 in Axes
 23350 | D:13     | Noticed Urug
 23359 | D:13     | Killed Urug
 23801 | D:13     | Reached XP level 15. HP: 137/137 MP: 14/14
 24094 | D:14     | Identified a scroll of acquirement
 24094 | D:14     | Acquired the ring "Vawuug" {Fly rC- Slay+5}
 25342 | D:15     | Entered Level 15 of the Dungeon
 25393 | D:15     | Found Fuocvu Omi's Distillery.
 25396 | D:15     | Bought a potion of haste for 170 gold pieces
 25396 | D:15     | Bought a potion of curing for 51 gold pieces
 25396 | D:15     | Bought a potion of might for 68 gold pieces
 25396 | D:15     | Bought a potion of might for 68 gold pieces
 25398 | D:15     | Identified the +11 orcbow "Orb Guardian's Curse" {freeze,
                  | *Corrode rPois SInv}
 25791 | D:15     | Found Jadwuina's Weapon Emporium.
 25803 | D:15     | Found Cuehofon's Book Shop.
 26353 | D:15     | Found Pynuh's Magic Scroll Emporium.
 26361 | D:15     | Bought a scroll of poison for 48 gold pieces
 26361 | D:15     | Bought a scroll of teleportation for 36 gold pieces
 26361 | D:15     | Bought a scroll of identify for 24 gold pieces
 26361 | D:15     | Bought a scroll of noise for 12 gold pieces
 26542 | D:15     | Found a staircase to the Depths.
 26684 | D:15     | Found a shimmering blue altar of Sif Muna.
 26864 | D:9      | Killed lunkers's ghost
 27081 | D:12     | Gained mutation: You expend magic power (3 MP) to
                  | strengthen your wands. [potion of mutation]
 27081 | D:12     | Gained mutation: You have supernaturally acute eyesight.
                  | (SInv) [potion of mutation]
 27094 | D:12     | Killed Maxmaps's ghost
 27102 | D:12     | Reached skill level 20 in Axes
 27374 | Orc:2    | Reached skill level 15 in Fighting
 27382 | Orc:2    | Killed jasper's ghost
 27739 | Orc:2    | Identified the +4 robe of Qaddaq {Str+5}
 28612 | Elf:1    | Entered Level 1 of the Elven Halls
 28623 | Elf:1    | Reached skill level 10 in Evocations
 28679 | Elf:1    | Killed from afar by a hellion

Illustrated notes

Levels and vault maps discovered:
D:1:      lemuel_arrival_tunnels, layout_loops_ring, minmay_tetromino_i4
D:2:      layout_loops_ring
D:3:      layout_basic, tso_metal_star, kennysheep_generic_room_3
D:4:      layout_rooms, grunt_temple_overflow_open, serial_aquarium,
          aquarium_bridge_square [aquarium_subvault_bridge,
          aquarium_subvault_wall, aquarium_subvault_window,
          aquarium_subvault_wall], aquarium_window_fake, aquarium_window_fake,
          aquarium_window_1, aquarium_window_fake, aquarium_view_2c,
          aquarium_view_2c, aquarium_balcony_1b, uniq_ijyb
D:5:      layout_basic, mainiacjoe_overflow_tiny_flanked,
          nicolae_shop_i_like_big_books
D:6:      layout_loops_ring, mainiacjoe_overflow_chevrons, uniq_eustachio
D:7:      nicolae_whirlpool, layout_rooms, minmay_temple_entry_wispy,
          nicolae_water_bricks, uniq_maggie
D:8:      minmay_flawed_box, layout_loops_corners, trog_ov_bears_minmay,
          zin_purify
D:9:      layout_long_grid, gammafunk_ghost_stat_death
D:10:     layout_cave_pods, enter_trove_2
D:11:     layout_basic, hiddenorc2_lemuel, minmay_splitting_lines, st_stairs_14
D:12:     layout_long_grid, gammafunk_ghost_fury_of_okawaru
D:13:     layout_big_octagon, david_vaults_1, uniq_urug
D:14:     layout_roguey, serial_co_window_serial, co_window_paths_a,
          co_window_of_opportunity_a, co_window_corner_a,
          co_window_of_opportunity_a, co_window_corner_a, co_window_corner_a,
          co_window_corner_a, co_window_paths_b, co_window_cross_1,
          co_window_corner_b, co_window_of_opportunity_c, co_window_broadway_a,
          co_window_of_opportunity_b, co_window_sun, co_window_paths_e,
          glass_columns_a, glass_columns_a
D:15:     hangedman_depths_entry_civil_slaughter, layout_loops_ring,
          serial_shops, nicolae_shop_bloodbath_and_beyond,
          nicolae_shop_behind_doors, shop, shop, tgw_sif
Lair:1:   minmay_guarded_unrand_snakebite, layout_small_grid,
          lemuel_fruit_fields
Lair:2:   layout_chaotic_city, minmay_swamp_entry_eels, dummy_snake_entry,
          nicolae_lair_run_with_the_wolves
Lair:3:   layout_roguey, uniq_nessos, uniq_josephine, uniq_nergalle
Lair:4:   layout_layer_cave, slime_entry_1, infiniplex_staircase_pool_2,
          grunt_megastairs_5
Lair:5:   hangedman_lair_in_review, layout_gridlike, serial_bayou_lagoon_a,
          infiniplex_staircase_pool
Orc:1:    layout_caves
Orc:2:    grunt_orc_gardens, layout_caves, grunt_orc_garden, grunt_orc_garden,
          grunt_orc_garden, grunt_orc_garden, basic_altar,
          gammafunk_ghost_wrathful_warriors, uniq_jorgrun
Elf:1:    elf_arrival_002, layout_gridlike, portal_desolation_entry_salt,
          hangedman_elf_represent

Skill      XL: |  1  2  3  4  5  6  7  8  9 10 11 12 13 14 15 |
---------------+----------------------------------------------+-----
Axes           | 4 5 6 8 9 11 12 14 16 17 19 20 | 20.0
Fighting       | 4 5 6 7 8 9 10 11 12 13 15 | 15.3
Ranged Weapons | 1 2 3 4 6 7 9 11 12 14 15 17 18 | 18.0
Evocations     | 1 3 5 6 7 8 10 | 10.2
Armour         | |  2.4
Dodging        | |  2.1

Action                     |  1- 3 |  4- 6 |  7- 9 | 10-12 | 13-15 || total
---------------------------+-------+-------+-------+-------+-------++-------
  Melee: Hand axe          |    23 |       |       |       |       ||    23
         Headbutt          |     6 |    12 |    35 |    54 |   133 ||   240
         Trident           |    21 |    69 |   150 |       |       ||   240
         Punch             |       |       |     1 |       |       ||     1
         Battleaxe         |       |       |    90 |   258 |   652 ||  1000
         Whip              |       |       |       |     6 |       ||     6
         Long sword        |       |       |       |       |     3 ||     3
   Fire: Sling             |    35 |    17 |    30 |       |       ||    82
         Orcbow            |       |       |    21 |    73 |    17 ||   111
         Arbalest          |       |       |       |       |   212 ||   212
  Throw: Dart              |       |     4 |    10 |     9 |     3 ||    26
         Boomerang         |       |       |       |       |    19 ||    19
 Invoke: Berserk           |       |     4 |     9 |     5 |    20 ||    38
         Trog's Hand       |       |     2 |    17 |    13 |    30 ||    62
  Evoke: Wand              |       |       |     9 |     8 |    19 ||    36
    Use: Scroll            |     6 |     1 |     9 |     3 |    20 ||    39
         Potion            |       |       |     1 |     1 |     7 ||     9
   Stab: Distracted        |       |       |       |     3 |     3 ||     6
         Betrayed ally     |       |       |       |     1 |     1 ||     2
         Invisible         |       |       |       |       |     7 ||     7
 Armour: Animal skin       |     6 |       |       |       |       ||     6
         Chain mail        |    22 |    25 |   161 |   124 |   104 ||   436
         Plate armour      |       |       |       |       |   187 ||   187
  Dodge: Dodged            |    35 |    21 |   114 |   166 |   315 ||   651
  Block: Other             |       |       |       |       |    59 ||    59
         Reflection        |       |       |       |       |     4 ||     4

Table legend: (Time is in decaauts)
 A = Elapsed time spent in this place.
 B = Non-inter-level travel time spent in this place.
 C = Inter-level travel time spent in this place.
 D = Time resting spent in this place.
 E = Time spent auto-exploring this place.
 F = Levels seen in this place.
 G = Mean time per level.
                   A        B        C        D        E       F      G
               +--------+--------+--------+--------+--------+-----+--------+
         Total |  29046 |  27053 |   1993 |   9397 |  13257 |  23 | 1262.9 |
       Dungeon |  16417 |  15007 |   1410 |   3494 |   8984 |  15 | 1094.5 |
          Lair |   7750 |   7335 |    415 |   2601 |   3496 |   5 | 1550.0 |
  Orcish Mines |   4819 |   4652 |    167 |   3295 |    777 |   2 | 2409.5 |
   Elven Halls |     59 |     59 |      0 |      5 |      0 |   1 |   59.0 |
               +--------+--------+--------+--------+--------+-----+--------+

Top non-repeatable levels by time:
   Orc:2: 3855 daAuts
  Lair:1: 2174 daAuts
  Lair:2: 2027 daAuts
  Lair:5: 1547 daAuts
     D:8: 1475 daAuts
    D:15: 1427 daAuts
    D:14: 1421 daAuts
     D:7: 1394 daAuts
    D:12: 1300 daAuts
     D:3: 1254 daAuts
    D:11: 1070 daAuts
  Lair:3: 1059 daAuts
     D:6: 1035 daAuts
    D:10: 1008 daAuts
    D:13: 996 daAuts
